 Dungeon Crawl Stone Soup version 0.31-a0-446-g07c4bd200f (webtiles) character file.

Game seed: 10955861775596487921

83 Ethylacetat the Insei (level 4, 0/24 HPs)
             Began as a Vine Stalker Monk on Aug 3, 2023.
             Was a Priest of Cheibriados.
             Slain by a gnoll
             ... wielding a +0 heavy flail
              (17 damage)
             ... on level 2 of the Dungeon.
             The game lasted 00:02:09 (1304 turns).

Ethylacetat the Insei (Vine Stalker Monk)           Turns: 1304, Time: 00:02:09

Health: 0/24       AC:  2    Str: 20    XL:     4   Next: 44%
Magic:  0/7        EV: 14    Int: 17    God:    Cheibriados [***...]
Gold:   71         SH:  0    Dex: 32    Spells: 6/6 levels left

rFire   . . .        e - +4 spear
rCold   . . .        c - orb {light}
rNeg    . . .        a - +0 robe
rPois   .            (no helmet)
rElec   .            (no cloak)
rCorr   .            (no gloves)
SInv    .            (no boots)
Will    .....        l - amulet of the acrobat
Stlth   +            m - +6 ring of dexterity
HPRegen 1.04/turn    (no ring)
MPRegen 0.10/turn

%: acrobat, guardian spirit
@: glowing, very slow
A: fangs 2, regeneration 1, magic shield, antimagic bite, no potion heal 2
a: Renounce Religion, Bend Time, Temporal Distortion


You were on level 2 of the Dungeon.
You worshipped Cheibriados.
Cheibriados was most pleased with you.
You visited 1 branch of the dungeon, and saw 2 of its levels.

You collected 71 gold pieces.

Inventory:

Hand Weapons
 e - a +4 spear (weapon)
Armour
 a - a +0 robe (worn)
 c - an orb of light (worn)
Jewellery
 l - an amulet of the acrobat (around neck)
 m - a +6 ring of dexterity (left hand)
Talismans
 f - a serpent talisman
Scrolls
 d - a scroll of torment {unknown}
 g - a scroll of amnesia {unknown}
 h - a scroll of poison {unknown}
 i - a scroll of identify {unknown}
 k - a scroll of enchant armour {unknown}
Potions
 b - a potion of ambrosia
 j - a potion of berserk rage {unknown}
 n - a potion of haste {unknown}


   Skills:
 + Level 3.3 Fighting
 - Level 2.4 Dodging
 + Level 3.5 Unarmed Combat
 + Level 1.7 Spellcasting
 * Level 1.2 Shapeshifting


You had 6 spell levels left.
You didn't know any spells.
Your spell library contained the following spells:

 Spells                   Type           Power      Damage    Failure   Level
 Necrotise                Necr           4%         1d4       21%         1
 Vampiric Draining        Necr           1%         2d6       52%         3
 Agony                    Necr           1%         N/A       99%         5


Dungeon Overview and Level Annotations

Branches:
Dungeon (2/15)

Altars:
Cheibriados


Innate Abilities, Weirdness & Mutations

You have extremely sharp teeth.
Your natural rate of healing is unusually fast.
When hurt, damage is shared between your health and your magic reserves.
Your bite disrupts and absorbs the magic of your enemies.
Potions cannot restore your health.


Message History

The goblin is heavily wounded.
The goblin hits you but does no damage.
A frilled lizard comes into view.
You puncture the goblin!
You kill the goblin!
Cheibriados thoroughly appreciates the change of pace.
There are monsters nearby!
You reach to attack!
You barely miss the frilled lizard.
A gnoll comes into view. It is wielding a +0 heavy flail.
There are monsters nearby!
You barely miss the frilled lizard.
You bite the frilled lizard, but do no damage.
The frilled lizard bites you.
You puncture the frilled lizard!
You kill the frilled lizard!
Cheibriados thoroughly appreciates the change of pace.
A gnoll comes into view. It is wielding a +0 spear.
A gnoll comes into view. It is wielding a +0 whip.
The gnoll hits you from afar with a +0 spear.
The gnoll shouts!
You hit the hobgoblin. Your bite misses the hobgoblin.
The hobgoblin is almost dead.
The hobgoblin misses you.
The gnoll hits you from afar with a +0 spear.
The gnoll barely misses you. The hobgoblin closely misses you.
The kobold hits you with a +0 dagger.
Reach: e) +4 spear
Press: ? - help, Dir - move target, f - gnoll
Aim: a gnoll, wielding a +0 spear (haloed, about 13% to evade your +4 spear)
You reach to attack!
You completely miss the gnoll. The hobgoblin barely misses you.
The kobold barely misses you.
The gnoll hits you from afar with a +0 spear.
The hobgoblin completely misses you. The gnoll attacks as you move away!
The gnoll barely misses you.
The gnoll completely misses you. x2; The gnoll closely misses you.
The hobgoblin hits you. The gnoll hits you but does no damage.
There is a stone staircase leading up here.
The gnoll hits you with a +0 heavy flail!!
Ouch! That really hurt!
You die...

†...#.############
....#............#
....############.#
....# #.#+#####
##+## #.......#
#..^....#
#.......#
#.g.....#
#@gK....#
#g.)..[.#
...gg.....#
..###.......#
+.......#
#.......#
<........#
..........#


You could see 4 gnolls, a hobgoblin and a kobold.

Vanquished Creatures
  An adder (D:2)
  7 dart slugs
  9 endoplasms
  3 giant cockroaches (D:1)
  5 goblins
  4 hobgoblins
  4 jackals (D:1)
  5 kobolds (D:1)
  4 ball pythons (D:1)
  6 bats
  4 frilled lizards
  2 rats
54 creatures vanquished.

Notes
Turn   | Place    | Note
-------+----------+-------------------------------------------
     0 | D:1      | Ethylacetat the Vine Stalker Monk began the quest for the
                  | Orb.
     0 | D:1      | Reached XP level 1. HP: 11/11 MP: 2/2
   167 | D:1      | Reached XP level 2. HP: 8/16 MP: 0/3
   232 | D:1      | Reached skill level 1 in Spellcasting
   316 | D:1      | Reached XP level 3. HP: 19/20 MP: 5/5
   823 | D:1      | Found a faded altar of an unknown god.
  1077 | D:1      | Prayed at the altar of an unknown god.
  1077 | D:1      | Became a worshipper of Cheibriados the Contemplative
  1077 | D:1      | Reached * piety under Cheibriados
  1077 | D:1      | Reached ** piety under Cheibriados
  1127 | D:2      | Reached skill level 1 in Shapeshifting
  1127 | D:2      | Gained mutation: Your natural rate of healing is unusually
                  | fast. [Vine Stalker growth]
  1127 | D:2      | Reached XP level 4. HP: 24/24 MP: 7/7
  1188 | D:2      | Reached *** piety under Cheibriados
  1304 | D:2      | Slain by a gnoll

Illustrated notes

Levels and vault maps discovered:
D:1:      dpeg_cavernosity, layout_basic, dreamdust_ecumenical_altar_grove,
          st_stairs_4, minmay_box_of_dots
D:2:      layout_basic, minmay_misc_feat_enclosed, uniq_crazy_yiuf_cottage,
          uniq_jessica

Skill      XL: |  1  2  3 |
---------------+----------+-----
Fighting       | 3 |  3.3
Spellcasting   | 1 |  1.7
Shapeshifting  | 1 |  1.2
Dodging        | |  2.4
Unarmed Combat | |  3.5

Action                     |  1- 3 |  4- 6 || total
---------------------------+-------+-------++-------
  Melee: Unarmed           |    25 |       ||    25
         Bite              |    23 |     2 ||    25
         Spear             |    61 |    25 ||    86
   Stab: Sleeping          |     1 |       ||     1
 Armour: Robe              |    13 |     3 ||    16
  Dodge: Dodged            |    50 |    15 ||    65

Table legend: (Time is in decaauts)
 A = Elapsed time spent in this place.
 B = Non-inter-level travel time spent in this place.
 C = Inter-level travel time spent in this place.
 D = Time resting spent in this place.
 E = Time spent auto-exploring this place.
 F = Levels seen in this place.
 G = Mean time per level.
                   A        B        C        D        E       F      G
               +--------+--------+--------+--------+--------+-----+--------+
         Total |   1413 |   1312 |    101 |      0 |   1022 |   2 |  706.5 |
       Dungeon |   1413 |   1312 |    101 |      0 |   1022 |   2 |  706.5 |
               +--------+--------+--------+--------+--------+-----+--------+

Top non-repeatable levels by time:
     D:1: 1146 daAuts
     D:2: 267 daAuts
